 Dungeon Crawl Stone Soup version 0.24.0-123-gd5b16e6ec5 (webtiles) character file.

Game seed: 1849741145877910049, levelgen mode: deterministic

11190 manon the Grappler (level 11, -2/94 HPs)
             Began as a Ghoul Monk on Jan 21, 2020.
             Was an Elder of Makhleb.
             Slain by a five-headed hydra (11 damage)
             ... on level 2 of the Lair of Beasts.
             The game lasted 00:58:38 (10095 turns).

manon the Grappler (Ghoul Monk)                    Turns: 10095, Time: 00:58:38

Health: -2/94      AC: 12    Str: 20    XL:     11   Next: 73%
Magic:  15/15      EV:  9    Int:  6    God:    Makhleb [****..]
Gold:   587        SH: 10    Dex: 11    Spells: 10/10 levels left

rFire    . . .     SeeInvis .     - Unarmed
rCold    + . .     Gourm    .   B - +0 shield
rNeg     + + +     Faith    .   r - +1 scale mail of the Eleven Lovers {rCorr Str+2}
rPois    ∞         Spirit   .   g - +1 hat
rElec    .         Reflect  .   R - scarf {repulsion}
rCorr    +         Harm     .   U - +1 pair of gloves
MR       .....                  (no boots)
Stlth    +.........             (no amulet)
HPRegen  0.00/turn              T - ring of wizardry
MPRegen  0.14/turn              (no ring)

@: rotting, repel missiles
A: rotting body, claws 1, carnivore, cold resistance 1, negative energy
resistance 3, inhibited regeneration, torment resistance, unbreathing
a: Minor Destruction, Lesser Servant of Makhleb, Major Destruction, Renounce
Religion


You were on level 2 of the Lair of Beasts.
You worshipped Makhleb.
Makhleb was greatly pleased with you.
You were not hungry.

You visited 2 branches of the dungeon, and saw 12 of its levels.
You also visited: Sewer.

You collected 587 gold pieces.

Inventory:

Hand Weapons
 e - the cursed +1 quarterstaff of Descent {protect, +Rage rElec Str+4 Int-4, unknown}
   (You found it on level 8 of the Dungeon)

   It grants its wielder temporary protection when it strikes (+7 to AC).
   It affects your strength (+4).
   It affects your intelligence (-4).
   It insulates you from electricity.
   It lets you go berserk.
   It has a curse placed upon it.
 p - a +1 trident of venom
 u - a +0 hunting sling
Missiles
 s - 79 bolts
 y - 257 stones (quivered)
 W - 43 sling bullets
 X - a throwing net
 Z - 18 poisoned darts
Armour
 g - a +1 hat (worn)
 i - a +0 helmet
 n - a +0 chain mail
 q - a scarf of repulsion
 r - the +1 scale mail of the Eleven Lovers (worn) {rCorr Str+2}
   (You found it on level 1 of the Lair of Beasts)

   It affects your strength (+2).
   It provides partial protection from all sources of acid and corrosion.
 B - a +0 shield (worn)
 R - a scarf of repulsion (worn)
 U - a +1 pair of gloves (worn)
Jewellery
 T - a ring of wizardry (left hand)
Wands
 m - a wand of flame (34)
 C - a wand of random effects (23)
 N - a wand of iceblast (5)
 Q - a wand of acid (7)
Scrolls
 a - a scroll of silence {unknown}
 f - a scroll of fog
 h - 4 scrolls of enchant weapon
 o - 3 scrolls of blinking
 t - a scroll of fear
 v - 3 scrolls of teleportation
 w - 3 scrolls of amnesia
 z - a scroll of magic mapping {unknown}
 A - 3 scrolls of immolation
 G - 3 scrolls of summoning
 H - 2 scrolls of remove curse
 S - 2 scrolls of enchant armour {unknown}
Potions
 c - a potion of berserk rage {unknown}
 d - a potion of cancellation {unknown}
 j - 11 potions of curing
 k - a potion of mutation {unknown}
 l - a potion of resistance {unknown}
 x - 6 potions of heal wounds
 D - a potion of haste {unknown}
 E - 2 potions of brilliance {unknown}
 F - 4 potions of agility {unknown}
 I - 2 potions of lignification {unknown}
 J - 2 potions of invisibility {unknown}
 K - 2 potions of might {unknown}
 L - 2 potions of degeneration {unknown}
 M - a potion of flight {unknown}
 O - 3 potions of ambrosia {unknown}
Miscellaneous
 V - a sack of spiders
Comestibles
 b - 18 rations
 P - 5 chunks of flesh


   Skills:
 + Level 7.8 Fighting
 + Level 6.6 Armour
 - Level 3.0 Dodging
 - Level 4.0 Stealth
 + Level 5.5 Shields
 * Level 12.3 Unarmed Combat
 + Level 7.4 Invocations
 - Level 4.0 Evocations


You had 10 spell levels left.
You didn't know any spells.
Your spell library contained the following spells:

 Spells                   Type           Power        Failure   Level  Hunger
 Animate Skeleton         Necr           N/A          85%         1    ##.....
 Magic Dart               Conj           #...         85%         1    ##.....
 Pain                     Necr           #...         85%         1    ##.....
 Summon Small Mammal      Summ           #...         85%         1    ##.....
 Call Imp                 Summ           #.......     92%         2    ###....
 Searing Ray              Conj           #.....       92%         2    ###....
 Call Canine Familiar     Summ           #.......     99%         3    ####...
 Dazzling Spray           Conj/Hex       #.....       99%         3    ####...
 Regeneration             Chrm/Necr      #.........   99%         3    ####...
 Summon Guardian Golem    Hex/Summ       #.......     99%         3    ####...
 Vampiric Draining        Necr           #.........   99%         3    ####...
 Animate Dead             Necr           N/A          100%        4    #####..
 Force Lance              Conj/Tloc      #.......     100%        4    #####..
 Fulminant Prism          Conj/Hex       #.........   100%        4    #####..
 Iskenderun's Mystic Bla  Conj           #.......     100%        4    #####..
 Summon Ice Beast         Ice/Summ       #.......     100%        4    #####..
 Summon Lightning Spire   Summ/Air       #.......     100%        4    #####..
 Bolt of Magma            Conj/Fire/Erth #.........   100%        5    ######.
 Iskenderun's Battlesphe  Conj/Chrm      #.......     100%        5    ######.
 Venom Bolt               Conj/Pois      #.........   100%        5    ######.
 Iron Shot                Conj/Erth      #.........   100%        6    #######
 Orb of Destruction       Conj           #.........   100%        7    #######
 Spellforged Servitor     Conj/Summ      #.........   100%        7    #######


Dungeon Overview and Level Annotations

Branches:
Dungeon (10/15)            Temple (0/1) D:5            Lair (2/6) D:8
  Sewer (visited)
  Swamp: Lair:2-4    Shoals: Lair:2-4     Snake: Lair:2-4    Spider: Lair:2-4
    Orc: D:9-12

Altars:
Ashenzari
Dithmenos
Fedhas
Kikubaaqudgha
Makhleb
Qazlal
Ru
Sif Muna
Trog
Wu Jian
Yredelemnul
The Shining One

Shops:
D:5 [


Innate Abilities, Weirdness & Mutations

Your body is rotting away.
You thrive on raw meat.
You are immune to poison.
You have sharp fingernails.
You are carnivorous and can eat meat at any time.
Your flesh is cold resistant. (rC+)
You are immune to negative energy. (rN+++)
You do not regenerate when monsters are visible.
You are immune to unholy pain and torment.
You can survive without breathing.


Message History

The five-headed hydra bites you! x2
You block the five-headed hydra's attack. x2
You barely miss the five-headed hydra.
The five-headed hydra is almost dead.
You block the water moccasin's attack.
The five-headed hydra bites you but does no damage.
The five-headed hydra bites you.
The five-headed hydra barely misses you.
The five-headed hydra bites you!
The five-headed hydra barely misses you.
A demon appears!
The spiny frog stings you.
* * * LOW HITPOINT WARNING * * *
The water moccasin closely misses you. The five-headed hydra bites you!
* * * LOW HITPOINT WARNING * * *
The five-headed hydra bites you but does no damage.
You block the five-headed hydra's attack.
The five-headed hydra bites you.
* * * LOW HITPOINT WARNING * * *
The five-headed hydra bites you!
You die...

....... . .....## ###
.## .......
......###.####.# .......
......†...##...# .......
.....##...##...# .......
.....##....÷...# .....P.
.....#######...##.......
....## #.†##.F......
....# #+.4.@S......
....## #.....D......
.....# +............
....## #...+........
.....# #+##!..#.#...
.....# #..#...#. .....#
##.. ..( .....# ......
.....# .#.P


You could see a five-headed hydra, a spiny frog, a water moccasin and a friendly
orange demon.

Vanquished Creatures
  Josephine (D:10)
  A two-headed ogre (D:10)
  A black mamba (Lair:2)
  3 blink frogs (Lair:1)
  7 hippogriffs
  A basilisk (Lair:2)
  3 wraiths
  A steam dragon (D:10)
  Menkaure (D:4)
  2 water moccasins
  3 porcupines (Lair:1)
  A black bear (D:7)
  2 sky beasts
  2 phantoms
  2 ice beasts (D:6)
  An eye of draining (D:9)
  An orc warrior (D:10)
  A wolf (Lair:1)
  3 ogres
  3 centaurs
  4 bullfrogs
  2 scorpions
  3 killer bees (D:9)
  3 howler monkeys
  3 bullfrog zombies
  A crimson imp (D:9)
  8 hounds
  2 bullfrog skeletons
  3 jellies
  4 orc priests
  4 orc wizards
  2 centaur skeletons
  2 iguanas
  2 yak simulacra (D:10)
  A hell rat (Lair:2)
  7 worker ants
  2 polar bear simulacra (D:10)
  A wolf simulacrum (D:10)
  A hound zombie (D:8)
  2 hound skeletons
  A worker ant zombie (D:10)
  13 adders
  A gnoll (D:9)
  2 howler monkey skeletons
  3 river rats (Lair:2)
  3 shadow imps
  2 oozes
  An adder skeleton (D:8)
  A worm (D:2)
  2 dart slugs (D:1)
  5 leopard geckos
  22 orcs
  6 ball pythons
  5 giant cockroaches
  8 goblins
  4 hobgoblins
  16 jackals
  30 kobolds
  5 quokkas
  5 bats
  12 frilled lizards
  A jackal skeleton (D:4)
  2 leopard gecko skeletons
  2 quokka skeletons
  10 rats
259 creatures vanquished.

Vanquished Creatures (collateral kills)
  Erica (D:9)
  A hydra (Lair:1)
  2 two-headed ogres
  A necromancer (D:10)
  A spiny frog (Lair:1)
  A komodo dragon (Lair:1)
  2 blink frogs (Lair:1)
  A wraith (D:10)
  A fire elemental (Lair:1)
  An eye of draining (D:9)
  5 wolves (Lair:1)
  2 big kobolds
  3 bullfrogs
  A crimson imp (D:10)
  A polar bear simulacrum (D:10)
  A yak simulacrum (D:10)
  A wolf simulacrum (D:10)
  6 gnolls
  An adder (D:9)
  A leopard gecko (D:9)
  3 orcs
  A ball python (Sewer)
  2 jackals (D:9)
  7 kobolds
  A rat (Sewer)
  3 river rat simulacra (D:10)
  A fungus (Lair:1)
52 creatures vanquished.

Vanquished Creatures (others)
  A bush (D:1)
  2 plants (Lair:1)
3 creatures vanquished.

Grand Total: 314 creatures vanquished

Notes
Turn   | Place    | Note
-------+----------+-------------------------------------------
     0 | D:1      | manon the Ghoul Monk began the quest for the Orb.
     0 | D:1      | Reached XP level 1. HP: 19/19 MP: 0/0
   149 | D:1      | Reached XP level 2. HP: 25/26 MP: 1/1
   248 | D:1      | Reached skill level 4 in Unarmed Combat
   300 | D:1      | Reached XP level 3. HP: 27/31 MP: 2/2
   796 | D:2      | Reached XP level 4. HP: 30/38 MP: 3/3
   989 | D:2      | Found an ornate altar of the Wu Jian Council.
  1410 | D:3      | Reached skill level 5 in Unarmed Combat
  1513 | D:3      | Found a glowing golden altar of the Shining One.
  1793 | D:3      | Found a blossoming altar of Fedhas.
  1938 | D:4      | Reached XP level 5. HP: 23/44 MP: 4/4
  2122 | D:4      | Reached skill level 1 in Armour
  2122 | D:4      | Reached skill level 1 in Evocations
  2232 | D:4      | Reached XP level 6. HP: 50/51 MP: 5/5
  2408 | D:4      | Reached skill level 6 in Unarmed Combat
  2454 | D:4      | Found an ancient bone altar of Kikubaaqudgha.
  2546 | D:4      | Noticed Menkaure
  2554 | D:4      | Killed Menkaure
  2554 | D:4      | Reached XP level 7. HP: 34/57 MP: 7/7
  2699 | D:4      | Found a burning altar of Makhleb.
  2702 | D:4      | Found a sacrificial altar of Ru.
  2706 | D:4      | Became a worshipper of Makhleb the Destroyer
  2706 | D:4      | Reached * piety under Makhleb
  2706 | D:4      | Reached ** piety under Makhleb
  2871 | D:4      | Reached skill level 1 in Invocations
  3284 | D:5      | Entered Level 5 of the Dungeon
  3320 | D:5      | Reached skill level 7 in Unarmed Combat
  3354 | D:5      | Found a basalt altar of Yredelemnul.
  3596 | D:5      | Reached XP level 8. HP: 62/63 MP: 9/9
  3632 | D:5      | Found Jorph's Armour Boutique.
  3716 | D:5      | Found a staircase to the Ecumenical Temple.
  4062 | D:6      | Found a glowing drain.
  4123 | D:6      | Reached skill level 8 in Unarmed Combat
  4142 | D:6      | Reached *** piety under Makhleb
  4168 | Sewer    | Entered a sewer
  4716 | D:6      | Reached skill level 1 in Shields
  4716 | D:6      | Reached XP level 9. HP: 72/72 MP: 10/10
  5346 | D:7      | Found a shadowy altar of Dithmenos.
  5423 | D:7      | Found a stormy altar of Qazlal.
  5436 | D:7      | Reached **** piety under Makhleb
  5470 | D:7      | Reached skill level 9 in Unarmed Combat
  5675 | D:8      | Found a staircase to the Lair.
  5713 | D:8      | Found a shattered altar of Ashenzari.
  5798 | D:8      | Reached skill level 5 in Fighting
  6219 | D:8      | Got an ebony quarterstaff
  6353 | D:9      | Noticed Erica
  6373 | D:9      | Killed Erica
  6373 | D:9      | Reached XP level 10. HP: 51/81 MP: 12/12
  6392 | D:9      | Reached skill level 10 in Unarmed Combat
  6456 | D:9      | Reached skill level 5 in Invocations
  6664 | D:9      | Found a bloodstained altar of Trog.
  6688 | D:9      | Reached skill level 5 in Armour
  7019 | D:9      | Noticed a two-headed ogre
  7176 | D:9      | Killed a two-headed ogre
  7483 | D:9      | Found a shimmering blue altar of Sif Muna.
  7637 | D:10     | Entered Level 10 of the Dungeon
  7716 | D:10     | Noticed a two-headed ogre
  7724 | D:10     | Killed a two-headed ogre
  7925 | D:10     | Noticed a two-headed ogre
  7933 | D:10     | Killed a two-headed ogre
  7999 | D:10     | Reached skill level 11 in Unarmed Combat
  8371 | D:10     | Noticed a necromancer
  8378 | D:10     | Killed a necromancer
  8542 | D:10     | Reached XP level 11. HP: 83/90 MP: 14/14
  8545 | D:10     | Noticed Josephine
  8558 | D:10     | Killed Josephine
  8682 | Lair:1   | Entered Level 1 of the Lair of Beasts
  9266 | Lair:1   | Got a smoking scale mail
  9267 | Lair:1   | Identified the +1 scale mail of the Eleven Lovers {rCorr
                  | Str+2} (You found it on level 1 of the Lair of Beasts)
  9305 | Lair:1   | Reached skill level 5 in Shields
  9393 | Lair:1   | Noticed a seven-headed hydra
  9401 | Lair:1   | Killed a seven-headed hydra
  9464 | Lair:1   | Reached skill level 12 in Unarmed Combat
 10082 | Lair:2   | Noticed a five-headed hydra
 10095 | Lair:2   | Slain by a five-headed hydra

Levels and vault maps discovered:
D:1:      evilmike_arrival_crescent, layout_rooms, minmay_crystal_water,
          lexackson_kobold_supper
D:2:      layout_basic, lemuel_statue_altar
D:3:      layout_loops_ring, lemuel_coloured_pillars_altar, lemuel_round_altar
D:4:      layout_cave_pods, nicolae_overflow_hidden_temple,
          grunt_temple_overflow_open, first_ration, wad_orctagon, uniq_menkaure
D:5:      layout_basic, kennysheep_ying_yang, minmay_temple_entry_statues,
          serial_shops, shop
D:6:      layout_cave_pools, gup_sewer_entry_glass
D:7:      layout_basic, grunt_dithmenos_smoke_and_mirrors, grunt_qazlal_clouds
D:8:      layout_basic, lemuel_round_altar, dpeg_oklobed_lair
D:9:      layout_grid_maze, bloody_trog, marbit_many_paths, uniq_erica
D:10:     layout_loops_ring, grunt_ogre_cave, grunt_ministairs_1,
          eino_house_with_fridge, uniq_josephine
Lair:1:   layout_gridlike, infiniplex_staircase_pool_2
Lair:2:   layout_gridlike, nicolae_spider_entry_tight_spaces,
          chequers_serial_rivers_marsh, kennysheep_abandoned_house,
          grunt_megastairs_3, lemuel_fruit_tree, infiniplex_staircase_pool,
          lemuel_fruit_fields, uniq_fannar

Skill      XL: |  1  2  3  4  5  6  7  8  9 10 11 |
---------------+----------------------------------+-----
Unarmed Combat | 4 5 6 7 8 9 11 12 | 12.3
Stealth        | 3 4 |  4.0
Dodging        | 3 |  3.0
Armour         | 1 2 3 4 5 6 |  6.6
Evocations     | 1 2 3 4 |  4.0
Invocations    | 1 3 4 6 7 |  7.4
Fighting       | 4 5 6 7 |  7.8
Shields        | 1 3 4 5 |  5.5

Action                   |  1- 3 |  4- 6 |  7- 9 | 10-12 || total
-------------------------+-------+-------+-------+-------++-------
Melee: Unarmed           |   155 |   118 |   402 |   368 ||  1043
       Punch             |     3 |     4 |     5 |       ||    12
Throw: Boomerang         |    23 |    56 |    51 |       ||   130
       Stone             |       |       |    12 |    36 ||    48
Invok: Minor Destruction |       |       |    13 |     9 ||    22
       Lesser Servant of |       |       |     9 |    12 ||    21
  Use: Scroll            |       |       |     5 |     9 ||    14
 Stab: Sleeping          |     1 |     2 |       |       ||     3
       Distracted        |       |       |     1 |       ||     1
  Eat: Chunk             |    13 |    10 |    29 |    36 ||    88
       Ration            |       |       |     1 |       ||     1
Armor: Robe              |     7 |    11 |       |       ||    18
       Leather armour    |       |     3 |       |       ||     3
       Chain mail        |       |    35 |   205 |    97 ||   337
       Scale mail        |       |       |       |    52 ||    52
Dodge: Dodged            |    47 |    43 |    98 |    90 ||   278
Block: Shield            |       |       |    58 |   144 ||   202
